AoeStats
← TerrorTerp24

Arena

510609028Analyzed
1v1 RM · 1d ago on Oct 1, 2026· 43m 53s· 2 players
Game mode
Random Map
Map size
Tiny (2 player)
Population
200
Speed
Normal
Resources
Standard
Victory
Conquest
Starting age
Dark Age
Ending age
Imperial Age
RankedLock teamsTeams togetherTeam positionsShared explorationLock speedFull tech treeHidden civsTurbo modeCheats
Victory
Defeat
🇪🇸 Berbers · Spain
831
+15
🇺🇸 Franks · United States
801
-15
TerrorTerp24
10:14 Feudal Age
8:31 Loom
10:42 Double-Bit Axe
11:36 Wheelbarrow
18:49 Castle Age
18:07 Stone Mining
18:10 Gold Mining
18:17 Town Watch
18:18 Loom
20:15 Hand Cart
20:21 Hand Cart
20:07 Town Patrol
21:12 Gold Shaft Mining
20:51 Bow Saw
24:17 Fletching
24:53 Forging
24:44 Scale Mail Armor
24:53 Ordonnance Companies
31:53 Imperial Age
30:34 Bodkin Arrow
31:15 Iron Casting
30:56 Chain Mail Armor
35:10 Blast Furnace
34:41 Plate Mail Armor
35:30 Conscription
34:31 Elite Throwing Axeman
44:29 Scale Barding Armor
Dentato
11:08 Feudal Age
16:22 Castle Age
14:15 Double-Bit Axe
14:13 Horse Collar
16:27 Town Watch
17:33 Bow Saw
17:26 Heavy Plow
21:57 Loom
28:06 Imperial Age
25:34 Fletching
25:59 Gold Mining
28:12 Wheelbarrow
30:17 Chemistry
28:59 Treadmill Crane
31:45 Gold Shaft Mining
31:01 Stone Mining
33:17 Ballistics
33:54 Conscription
33:10 Pikeman
33:51 Squires
35:06 Arson
36:12 Scale Barding Armor
36:07 Scale Mail Armor
36:18 Forging
36:09 Padded Archer Armor
37:55 Kasbah
39:43 Capped Ram
41:54 Hand Cart
41:14 Light Cavalry
42:05 Bloodlines
43:25 Leather Archer Armor
43:06 Bodkin Arrow
Connection lost

Rejoining the realm…

Still unreachable

The connection could not be restored.

Session expired

The server has moved on; the page needs a fresh start.